 Dungeon Crawl Stone Soup version 0.24-a0-27-gca774cb5d5 (webtiles) character file.

Game seed: 13786847701690883856

104 Adamkad1 the Shield-Bearer (level 5, -4/42 HPs)
             Began as a Formicid Fighter on Feb 2, 2019.
             Splashed by Ijyb's acid (15 damage)
             ... on level 3 of the Dungeon.
             The game lasted 00:03:27 (1509 turns).

Adamkad1 the Shield-Bearer (Formicid Fighter)       Turns: 1509, Time: 00:03:28

Health: -4/42      AC:  0    Str: 22    XL:     5   Next: 7%
Magic:  5/5        EV:  8    Int:  7    God:
Gold:   57         SH:  9    Dex: 10    Spells: 4/4 levels left

rFire    . . .     SeeInvis +   a - +0 quarterstaff
rCold    . . .     Gourm    .   c - +0 shield
rNeg     . . .     Faith    .   b - +1 scale mail
rPois    .         Spirit   .   (helmet unavailable)
rElec    .         Reflect  .   (no cloak)
rCorr    .         Harm     .   (no gloves)
MR       .....                  (no boots)
Stlth    ..........             (no amulet)
HPRegen  0.14/turn              (no ring)
MPRegen  0.09/turn              (no ring)

@: corroded, flying
A: permanent stasis, dig shafts and tunnels, four strong arms, antennae 3
a: Dig, Shaft Self


You were on level 3 of the Dungeon.
You were not hungry.

You visited 1 branch of the dungeon, and saw 4 of its levels.

You collected 57 gold pieces.

Inventory:

Hand Weapons
 a - a +0 quarterstaff (weapon)
Armour
 b - a +1 scale mail (worn)
 c - a +0 shield (worn)
Jewellery
 l - an uncursed ring of flight
Potions
 d - a potion of might
 g - a potion of curing {unknown}
 k - a potion of degeneration {unknown}
Comestibles
 f - 5 rations


   Skills:
 * Level 4.1 Fighting
 * Level 2.9 Staves
 * Level 4.1 Armour
 * Level 4.4 Shields


You had 4 spell levels left.
You didn't know any spells.
Your spell library was empty.

Dungeon Overview and Level Annotations

Branches:
Dungeon (4/15)
 Temple: D:4-7

Altars:
Zin

Annotations:
D:3 Ijyb
D:4 Menkaure


Innate Abilities, Weirdness & Mutations

You cannot be hasted, slowed, berserked, paralysed or teleported.
You can dig through walls and to a lower floor.
Your four strong arms can wield two-handed weapons with a shield.
You have a pair of large antennae on your head. (SInv)


Message History

Okay, then.
As you read the scroll labeled NAYHOULIA, it crumbles to dust.
It is a scroll of identify.
l - an uncursed ring of flight Ijyb screams, "Me kill you!"
As you read the scroll labeled ZEATEL APILIUST, it crumbles to dust.
It is a scroll of enchant armour.
Your +0 scale mail glows green for a moment.
You aren't carrying any scrolls.
Unknown command.
You aren't carrying any items that you can evoke.
Unknown command.
It was a potion of flight.
You feel very buoyant.
You fly up into the air.
Ijyb screams, "It's all mine!"
Ijyb zaps a wand.
The bolt of acid hits you!
* * * LOW HITPOINT WARNING * * *
The acid corrodes you!
You are splashed with acid!
You die...

...# .>.# ...# ...#
...# ###### ...##..
#....#######.......
#.......@..g.#
##....#######.#
#.....# .# #.#####
.# #.### .#
########...# .#
.......'...# ..
#.######...# ## #.#
#...#


You could see Ijyb.

Vanquished Creatures
  An ice beast (D:3)
  A gnoll (D:1)
  An ooze (D:1)
  A dart slug (D:1)
  2 leopard geckos (D:1)
  An orc (D:3)
  5 giant cockroaches (D:1)
  5 goblins (D:1)
  4 hobgoblins (D:1)
  4 bats
  A frilled lizard (D:1)
  3 kobolds (D:1)
  2 rats
31 creatures vanquished.

Vanquished Creatures (others)
  9 toadstools (D:2)
9 creatures vanquished.

Grand Total: 40 creatures vanquished

Notes
Turn   | Place    | Note
-------+----------+-------------------------------------------
     0 | D:1      | Adamkad1 the Formicid Fighter began the quest for the Orb.
     0 | D:1      | Reached XP level 1. HP: 18/18 MP: 1/1
    72 | D:1      | Reached XP level 2. HP: 19/24 MP: 2/2
   121 | D:1      | Reached XP level 3. HP: 5/29 MP: 3/3
  1142 | D:2      | Reached XP level 4. HP: 37/37 MP: 4/4
  1143 | D:2      | Found a glowing silver altar of Zin.
  1162 | D:2      | You fall through a shaft for 2 floors!
  1162 | D:4      | Noticed Menkaure
  1163 | D:4      | Noticed an ice beast
  1177 | D:3      | Killed an ice beast
  1177 | D:3      | Reached XP level 5. HP: 7/42 MP: 5/5
  1502 | D:3      | Noticed Ijyb
  1509 | D:3      | Splashed by Ijyb's acid

Vault maps used:
D:1:      nagdon_arrival_double_spiral, minmay_split_cup_large
D:2:      cheibrodos_fertilizer, lemuel_zombie_altar_yredelemnul, zin_academy
D:3:      nicolae_dithmenos_shadow_blocks, first_ration, tgw_kikubaaqudgha,
          uniq_ijyb
D:4:      overflow_temple_1_default, grunt_temple_overflow_open, uniq_menkaure,
          uniq_pikel, uniq_robin

Skill      XL: |  1  2  3  4 |
---------------+-------------+-----
Shields        | 4 |  4.4
Fighting       | 4 |  4.1
Armour         | 4 |  4.1
Staves         | |  2.9

Action                   |  1- 3 |  4- 6 || total
-------------------------+-------+-------++-------
Melee: Quarterstaff      |    95 |    16 ||   111
  Use: Scroll            |       |     2 ||     2
       Potion            |       |     1 ||     1
  Eat: Chunk             |     1 |     1 ||     2
Armor: Scale mail        |    28 |    10 ||    38
Dodge: Dodged            |    44 |     7 ||    51
Block: Shield            |    52 |    11 ||    63

Table legend:
 A = Non-vault XP
 B = Vault XP
 C = Vault XP percentage of total XP
 D = Non-vault monster count
 E = Vault monster count
 F = Vault count percentage of total count
                 A         B        C        D         E       F
            +---------+---------+-------+---------+---------+-------
      Total |     142 |       7 |   4.7 |      27 |       4 |  12.9
            +---------+---------+-------+---------+---------+-------
        D:1 |      61 |       7 |  10.3 |      22 |       4 |  15.4
        D:2 |       3 |       0 |   0.0 |       2 |       0 |   0.0
        D:3 |      78 |       0 |   0.0 |       3 |       0 |   0.0
            +---------+---------+-------+---------+---------+-------
